 Dungeon Crawl Stone Soup version 0.21.1-1-g345015f (webtiles) character file.

81 sking99 the Ruffian (level 4, -12/44 HPs)
             Began as a Troll Monk on June 14, 2018.
             Mangled by an ice beast (13 damage)
             ... on level 3 of the Dungeon.
             The game lasted 00:10:13 (1906 turns).

sking99 the Ruffian (Troll Monk)                    Turns: 1906, Time: 00:10:13

Health: -12/44     AC:  5    Str: 20    XL:     4   Next: 20%
Magic:  3/3        EV: 11    Int:  6    God:
Gold:   102        SH:  0    Dex: 12    Spells: 3/3 levels left

rFire    . . .     SeeInvis .     - Unarmed
rCold    . . .     Gourm    +   (no shield)
rNeg     . . .     Faith    .   a - +0 robe
rPois    .         Spirit   .   (helmet restricted)
rElec    .         Reflect  .   (no cloak)
rCorr    .         Harm     .   (gloves unavailable)
MR       .....                  (boots unavailable)
Stlth    +.........             (no amulet)
HPRegen  0.54/turn              (no ring)
MPRegen  0.08/turn              (no ring)

@: confused
A: large, unfitting armour, claws 3, fast metabolism 3, gourmand, regeneration
1, shaggy fur 1, tough skin 2
a: no special abilities


You were on level 3 of the Dungeon.
You were full.

You visited 1 branch of the dungeon, and saw 3 of its levels.

You collected 102 gold pieces.

Inventory:

Missiles
 d - 188 stones (quivered)
Armour
 a - a +0 robe (worn)
Wands
 h - a wand of random effects (28)
Scrolls
 c - a scroll of remove curse {unknown}
 e - 2 scrolls of teleportation {unknown}
 f - a scroll of identify {unknown}
 i - a scroll of amnesia {unknown}
 l - a scroll of random uselessness {unknown}
 o - a scroll of noise {unknown}
Potions
 g - a potion of curing {unknown}
 j - a potion of flight {unknown}
 k - 3 potions of haste {unknown}
 m - a potion of heal wounds {unknown}
 n - a potion of degeneration {unknown}
Comestibles
 b - 3 rations


   Skills:
 + Level 2.8 Fighting
 + Level 3.2 Dodging
 - Level 1.0 Stealth
 + Level 3.9 Unarmed Combat


You had 3 spell levels left.
You didn't know any spells.

Dungeon Overview and Level Annotations

Branches:
Dungeon (3/15)

Altars:
Xom
The Shining One


Innate Abilities, Weirdness & Mutations

You are too large for most types of armour.
You have claws for hands.
Your metabolism is lightning-fast.
You like to eat raw meat.
Your natural rate of healing is unusually fast.
You are covered in fur. (AC +1)
You have very tough skin. (AC +2)


Message History

Pain shoots through your body!
The ice beast hits you but does no damage.
There is a stone staircase leading up here.
You scratch the ice beast but do no damage.
The ice beast is lightly wounded.
The orc wizard gestures at you while chanting.
You are confused.
You bump into the rock wall.
The ice beast closely misses you.
The orc priest mumbles some strange prayers to Beogh against you.
Beogh smites you! The ice beast hits you. The ice beast freezes you!
The orc priest invokes the aid of Beogh against you.
Beogh smites you!
* * * LOW HITPOINT WARNING * * *
In your confused state, you trip and fall back down the stairs.
* * * LOW HITPOINT WARNING * * *
The ice beast hits you.
* * * LOW HITPOINT WARNING * * *
The ice beast freezes you!
You die...

### #.. # #.######
#.#......#
...#.#@Y.##.#######
....'.o.o..........>
....#.#....#.######.
#. ######.#....#†###
##.##....#..........#
#.............#...#.#
#$/..............##.#
#...................#
#................###


You could see an ice beast, an orc priest and an orc wizard.

Vanquished Creatures
  A hound (D:2)
  An adder (D:2)
  2 worms (D:2)
  3 orcs
  A ball python (D:2)
  2 bats
  5 giant cockroaches
  4 hobgoblins
  3 jackals (D:1)
  A quokka (D:3)
  A frilled lizard (D:2)
  2 goblins
  A kobold (D:1)
  5 rats
  A butterfly (D:2)
33 creatures vanquished.

Notes
Turn   | Place    | Note
-------+----------+-------------------------------------------
     0 | D:1      | sking99 the Troll Monk began the quest for the Orb.
     0 | D:1      | Reached XP level 1. HP: 22/22 MP: 0/0
   207 | D:1      | Reached XP level 2. HP: 29/29 MP: 1/1
   985 | D:2      | Found a shimmering altar of Xom.
  1019 | D:2      | Found a glowing golden altar of the Shining One.
  1155 | D:2      | Reached XP level 3. HP: 25/36 MP: 2/2
  1350 | D:2      | Reached XP level 4. HP: 44/44 MP: 3/3
  1798 | D:3      | Noticed an ice beast
  1906 | D:3      | HP: 2/44 [fell downstairs (1)]
  1906 | D:3      | Mangled by an ice beast

Skill      XL: |  1  2 |
---------------+-------+-----
Dodging        | 3 |  3.2
Fighting       | |  2.8
Stealth        | |  1.0
Unarmed Combat | |  3.9

Action                   |  1- 3 |  4- 6 || total
-------------------------+-------+-------++-------
Melee: Unarmed           |    59 |    22 ||    81
       Punch             |     2 |     1 ||     3
Throw: Stone             |     3 |       ||     3
 Stab: Sleeping          |     1 |     2 ||     3
  Eat: Chunk             |     6 |     6 ||    12
       Ration            |     2 |       ||     2
Armor: Robe              |    27 |     5 ||    32
Dodge: Dodged            |    22 |    13 ||    35
